 Dungeon Crawl Stone Soup version 0.31.0-32-g396128a36d (webtiles) character file.

Game seed: 2471104921933972266

32 Peloso the Trooper (level 3, 33/33 HPs)
             Began as a Minotaur Fighter on Mar 21, 2024.
             Got out of the dungeon alive.
             The game lasted 00:01:24 (533 turns).

Peloso the Trooper (Minotaur Fighter)                Turns: 533, Time: 00:01:24

Health: 33/33      AC:  8    Str: 20    XL:     3   Next: 10%
Magic:  2/2        EV:  9    Int:  5    God:
Gold:   43         SH:  4    Dex: 11    Spells: 2/2 levels left

rFire   . . .        a - +0 long sword
rCold   . . .        c - +0 buckler
rNeg    . . .        b - +0 scale mail
rPois   .            (helmet unavailable)
rElec   .            (no cloak)
rCorr   .            (no gloves)
SInv    .            (no boots)
Will    +....        (no amulet) Stlth
                     g - +4 ring of protection
HPRegen 0.25/turn    (no ring)
MPRegen 0.08/turn

%: no passive effects
@: no status effects
A: horns 3, retaliatory headbutt, hooves 1, deformed body, strong-willed 1
a: no special abilities


You escaped.
You visited 1 branch of the dungeon, and saw 1 of its levels.

You collected 43 gold pieces.

Inventory:

Hand Weapons
 a - a +0 long sword (weapon)
Armour
 b - a +0 scale mail (worn)
 c - a +0 buckler (worn)
Jewellery
 g - a +4 ring of protection (left hand)
Potions
 d - a potion of might
 h - a potion of haste {unknown}


   Skills:
 + Level 4.1 Fighting
 + Level 3.1 Long Blades
 + Level 3.9 Armour
 + Level 4.0 Shields


You had 2 spell levels left.
You didn't know any spells.
Your spell library contained the following spells:

 Spells                   Type           Power      Damage    Failure   Level
 Stone Arrow              Conj/Erth      0%         3d7       99%         3
 Animate Armour           Summ/Erth      0%         N/A       100%        4
 Lehudib's Crystal Spear  Conj/Erth      0%         10d2      100%        8


Dungeon Overview and Level Annotations

Branches:
Dungeon (1/15)

Altars:


Innate Abilities, Weirdness & Mutations

You have a pair of large horns on your head.
You reflexively headbutt those who attack you in melee.
You have large cloven feet.
Armour fits poorly on your strangely shaped body.
You are strong-willed. (Will+)


Message History

The jackal closely misses you.
You slash the jackal!
You kill the jackal!
You see here a jackal corpse.
There is a stone staircase leading down here.
A jackal is nearby!
The jackal bites you but does no damage.
You see here a frilled lizard skeleton.
You slash the jackal!
You kill the jackal!
You see here a jackal corpse.
Items here: )) รทรท.
A goblin comes into view. It is wielding a +0 club.
The goblin shouts!
A goblin is nearby!
The goblin hits you but does no damage.
You hit the goblin but do no damage. The goblin barely misses you.
You furiously retaliate!
You headbutt the goblin.
You kill the goblin!
You see here a +0 club.
Found a stone staircase leading down.
Done exploring.
Done exploring.
Done exploring.
As you read the scroll labelled PUWURO AFONT, it crumbles to dust.
You assume a fearsome visage.
Nothing appears to happen.
It was a scroll of fear.
It was a potion of mutation.
You feel extremely strange.
You feel your surroundings grow quieter.
Large bone plates grow over parts of your arms.
You feel clumsy.
Unknown command.
You feel extremely strange.
Your large bone plates disappear.
You feel agile.
You feel your surroundings grow louder.
Your feet thicken and deform.
You feel strong-willed.
Your body twists and deforms.
The horns on your head grow some more.
What level of the Dungeon? (default 1, ? - help)
There is a staircase leading out of the dungeon here.
You have escaped!

###### ##########.###..........
.....# #.###.......... .....#
#.......#.#.### .....#
#######..###.##...# # .....#
##........###.##..####
.###########..#####..#...##......
.........##..#.....#..#####.#####
.........#..#...)...#..####)#
...........#....@....#....#.#
............#.......#..##.(.#
.......[.##..#.....#..###..##
.........###..#####..###..##
.........# ##.......#....##
.........# ##....###+####
########.# ####.##....# #.##
#..+....# #..## ###.#....#


There were no monsters in sight!

Vanquished Creatures
  2 dart slugs (D:1)
  A bat (D:1)
  An endoplasm (D:1)
  A giant cockroach (D:1)
  4 goblins (D:1)
  A hobgoblin (D:1)
  2 jackals (D:1)
  3 quokkas (D:1)
  A frilled lizard (D:1)
  7 kobolds (D:1)
  3 rats (D:1)
26 creatures vanquished.

Notes
Turn   | Place    | Note
-------+----------+-------------------------------------------
     0 | D:1      | Peloso the Minotaur Fighter began the quest for the Orb.
     0 | D:1      | Reached XP level 1. HP: 19/19 MP: 0/0
   107 | D:1      | Reached XP level 2. HP: 25/27 MP: 1/1
   355 | D:1      | Reached XP level 3. HP: 32/33 MP: 2/2
   502 | D:1      | Gained mutation: You passively dampen the noise of your
                  | surroundings. [potion of mutation]
   502 | D:1      | Gained mutation: You are partially covered in large bone
                  | plates. (SH +4) [potion of mutation]
   502 | D:1      | Gained mutation: You are clumsy. (Dex -2) [potion of
                  | mutation]
   503 | D:1      | Lost mutation: You are partially covered in large bone
                  | plates. (SH +4) [potion of mutation]
   503 | D:1      | Lost mutation: You are clumsy. (Dex -2) [potion of
                  | mutation]
   503 | D:1      | Lost mutation: You passively dampen the noise of your
                  | surroundings. [potion of mutation]
   503 | D:1      | Gained mutation: You have large cloven feet. [potion of
                  | mutation]
   503 | D:1      | Gained mutation: You are strong-willed. (Will+) [potion of
                  | mutation]
   503 | D:1      | Gained mutation: Armour fits poorly on your strangely
                  | shaped body. [potion of mutation]
   503 | D:1      | Gained mutation: You have a pair of large horns on your
                  | head. [potion of mutation]
   533 | D:$      | Got out of the dungeon alive.

Illustrated notes

Levels and vault maps discovered:
D:1:      scummos_arrival_hexagon, layout_basic

Skill      XL: |  1  2 |
---------------+-------+-----
Fighting       | 4 |  4.1
Shields        | 4 |  4.0
Long Blades    | 3 |  3.1
Armour         | |  3.9

Action                     || total
---------------------------++-------
  Melee: Long sword        ||    56
         Headbutt          ||    10
    Use: Potion            ||     2
         Scroll            ||     1
 Armour: Scale mail        ||    41
  Dodge: Dodged            ||    32
  Block: Buckler           ||    16
